 Dungeon Crawl Stone Soup version 0.31-a0-983-g7b6862f502 (webtiles) character file.

Game seed: 18265716340776227907

12946 javelincjr the Summoner (level 12, -2/79 HPs)
             Began as an Octopode Summoner on Oct 31, 2023.
             Was a Priest of Sif Muna.
             Slain by a komodo dragon (10 damage)
             ... on level 1 of the Lair of Beasts on Nov 2, 2023.
             The game lasted 01:46:52 (13611 turns).

javelincjr the Summoner (Octopode Summoner)        Turns: 13611, Time: 01:46:53

Health: -2/79      AC:  1    Str:  7    XL:     12   Next: 0%
Magic:  19/24      EV: 15    Int: 21    God:    Sif Muna [***...]
Gold:   663        SH:  7    Dex: 14    Spells: 12/28 levels left

rFire   . . .        t - +6 dagger (venom)
rCold   . . .        y - +2 buckler
rNeg    + . .        A - +0 hat {Will+}
rPois   .            l - amulet of regeneration
rElec   .            p - ring of see invisible
rCorr   .            z - ring "Koorhewn" {Fly Will+ Slay+2}
SInv    +            B - ring of positive energy
Will    ++...        (no ring)
Stlth   +++++        (no ring)
HPRegen 1.13/turn    (no ring)
MPRegen 0.19/turn    (no ring)
                     (no ring)

%: no passive effects
@: swift, flying, very quick
A: almost no armour, amphibious, 8 rings, camouflage 1, gelatinous body 1,
(nimble swimmer 1), tentacles
a: Renounce Religion, Channel Magic, Forget Spell


You were on level 1 of the Lair of Beasts.
You worshipped Sif Muna.
Sif Muna was most pleased with you.
You visited 3 branches of the dungeon, and saw 13 of its levels.
You also visited: Sewer.

You collected 784 gold pieces.
You spent 121 gold pieces at shops.

Inventory:

Hand Weapons
 c - a +1 shortbow of freezing
 t - a +6 dagger of venom (weapon)
 I - the +4 hand axe "Azobb" {flame, rN+}
   (You found it on level 1 of the Lair of Beasts)

   rN+:       It protects you from negative energy.
 J - a +3 shortbow
 K - a +1 orcbow of freezing
Missiles
 f - 17 poisoned darts
 o - 6 throwing nets
 H - 6 curare-tipped darts
Armour
 y - a +2 buckler (worn)
 A - a +0 hat of willpower (worn)
Jewellery
 k - an amulet of reflection
 l - an amulet of regeneration (around mantle)
 p - a ring of see invisible (left tentacle)
 r - an amulet of guardian spirit
 z - the ring "Koorhewn" (right tentacle) {Fly Will+ Slay+2}
   (You acquired it on level 11 of the Dungeon)

   [ring of flight]

   Slay+2:    It affects your accuracy & damage with ranged weapons and melee
   (+2).
   Will+:     It increases your willpower.
   Fly:       It grants you flight.
 B - a ring of positive energy (on tentacle)
Wands
 b - a wand of charming (4)
 C - a wand of digging (3)
 D - a wand of mindburst (13)
 F - a wand of flame (49)
 G - a wand of roots (10)
Scrolls
 h - 4 scrolls of immolation
 j - 6 scrolls of teleportation
 n - 3 scrolls of vulnerability
 s - 3 scrolls of noise
 v - a scroll of silence
 w - a scroll of fear
 E - a scroll of fog {unknown}
Potions
 a - 2 potions of magic
 d - a potion of haste
 e - 5 potions of degeneration
 g - a potion of curing
 i - 2 potions of might
 m - a potion of lignification
 q - 4 potions of attraction
 u - a potion of resistance
 x - a potion of enlightenment


   Skills:
 + Level 6.3 Fighting
 + Level 7.0 Dodging
 + Level 9.9 Stealth
 + Level 5.0 Shields
 * Level 8.9 Spellcasting
 * Level 9.9 Summonings
 + Level 2.8 Air Magic
 + Level 5.3 Invocations


You had 12 spell levels left.
You knew the following spells:

 Your Spells              Type           Power      Damage    Failure   Level
a - Summon Small Mammal   Summ           100%       N/A       1%          1
b - Call Imp              Summ           100%       N/A       1%          2
c - Call Canine Familiar  Summ           50%        N/A       1%          3
d - Summon Lightning Spi  Summ/Air       36%        N/A       8%          4
e - Summon Guardian Gole  Hex/Summ       30%        N/A       4%          3
f - Swiftness             Air            21%        N/A       10%         3

Your spell library contained the following spells:

 Spells                   Type           Power      Damage    Failure   Level
 Shock                    Conj/Air       60%        1d6       6%          1
 Sandblast                Erth           18%        2d7       11%         1
 Summon Ice Beast         Ice/Summ       30%        N/A       14%         4
 Passwall                 Tmut/Erth      7%         N/A       17%         2
 Sublimation of Blood     Necr           9%         N/A       17%         2
 Wereblood                Tmut           9%         N/A       17%         2
 Dazzling Flash           Conj/Hex       18%        N/A       32%         3
 Hailstorm                Conj/Ice       9%         3d4       32%         3
 Stone Arrow              Conj/Erth      18%        3d8       32%         3
 Volatile Blastmotes      Fire/Tloc      18%        2d11      32%         3
 Airstrike                Air            10%        2d(2-18)  32%         4
 Anguish                  Hex/Necr       4%         N/A       73%         4
 Brom's Barrelling Bould  Conj/Erth      9%         2d3       73%         4
 Cause Fear               Hex            4%         N/A       73%         4
 Summon Hydra             Summ           25%        N/A       85%         7
 Simulacrum               Ice/Necr       4%         N/A       100%        6
 Starburst                Conj/Fire      4%         6d4       100%        6
 Enfeeble                 Hex            4%         N/A       100%        7
 Maxwell's Capacitive Co  Air            10%        ∞         100%        8


Dungeon Overview and Level Annotations

Branches:
Dungeon (11/15)            Temple (1/1) D:6            Lair (1/5) D:11
    Orc (0/2) D:10          Sewer (visited)

Altars:
Ashenzari
Cheibriados
Dithmenos
Elyvilon
Fedhas
Gozag
Hepliaklqana
Kikubaaqudgha
Makhleb
Nemelex Xobeh
Okawaru
Qazlal
Ru
Sif Muna
Trog
Uskayaw
Vehumet
Wu Jian
Xom
Yredelemnul
Zin
The Shining One

Shops:
D:5 [

Annotations:
D:7 1 runed translucent door, lotum's ghost, novice KoHu
D:11 exclusion: obsidian statue
Lair:1 2 transporters, Danienth's ghost, journeyman TeAE


Innate Abilities, Weirdness & Mutations

You cannot wear most types of armour.
You are amphibious.
You can wear up to eight rings at the same time.
Your skin changes colour to match your surroundings (Stealth+).
Your rubbery body absorbs attacks. (AC +1, EV +1)
((You are camouflaged when in or above water. (Stealth+)))
You have tentacles for arms and can constrict up to eight enemies at once.


Message History

There is a transporter landing site here.
Found a barding.
Found a transporter.
Found a ring mail.
Found a potion of haste.
Found a sling and a pair of jewelled boots.
The komodo dragon hisses angrily.
The moth of wrath's fur bristles in rage as it notices you.
You hear a bleat!
Danienth's ghost stares at you.
The komodo dragon hisses angrily.
The komodo dragon bites you!!
You hit the komodo dragon but do no damage.
The komodo dragon is poisoned.
You block the komodo dragon's attack.
You hit the komodo dragon but do no damage.
The komodo dragon bites you!
You hit the komodo dragon but do no damage.
The komodo dragon looks as sick as possible!
The komodo dragon is lightly wounded.
You block the komodo dragon's attack.
You puncture the komodo dragon!
The komodo dragon is moderately wounded.
The komodo dragon closely misses you.
You hit the komodo dragon.
The komodo dragon looks as sick as possible!
The komodo dragon is moderately wounded.
The komodo dragon hisses menacingly.
The komodo dragon bites you!!
You hit the komodo dragon.
The komodo dragon is moderately wounded.
The komodo dragon closely misses you.
Casting: Call Imp (safe; 1% risk of failure)
Confirm with . or Enter, or press ? or * to list all spells.
A tiny devil pulls itself out of the air.
The komodo dragon bites you!!
* * * LOW HITPOINT WARNING * * *
Casting: Call Imp (safe; 1% risk of failure)
Confirm with . or Enter, or press ? or * to list all spells.
You feel quick. The komodo dragon bites you!
You die...

#.#....# .#.##.[##.##
#..##..##$#...#.#©..#
#.##....#)#... .##..##
... ##..©#l[.h# #...#
### ##..#[.#.. #..##
#.##.....# ##..#
#.#..#.#...#...#
#.#..#.#...#.#.## #@#
.Y..Y..#.#..#
#.....l.###Yl.###.P.##
#...5.....#####.....#
#..................##
#..........:.....###
........P.##.....##
........#####....P#
.......## #.....##
.... ## ##...>#


You could see a komodo dragon (extremely poisoned, ally target) and a friendly
cerulean imp (summoned).

Vanquished Creatures
  An unseen horror (D:10)
  A komodo dragon (Lair:1)
  2 red devils (D:9)
  A troll (D:10)
  2 nameless horrors (D:10)
  3 yaks
  3 steam dragons
  An acid dragon (D:9)
  2 water moccasins
  2 orc warriors
  2 sky beasts
  A black bear (D:5)
  4 wolves
  3 centaurs
  A phantom (D:7)
  3 scorpions (D:6)
  2 bullfrogs
  2 killer bees (D:11)
  An electric eel (D:11)
  8 howler monkeys
  An orc priest (D:9)
  8 hounds
  A gnoll bouda (D:5)
  2 sleepcaps
  3 iguanas
  Ijyb (D:3)
  5 orc wizards
  Robin (D:3)
  15 gnolls
  A river rat (Sewer)
  5 adders
  A shadow imp (D:6)
  A worm (D:4)
  4 dart slugs
  19 orcs
  3 ball pythons
  2 bats
  4 endoplasms
  2 giant cockroaches
  5 goblins
  2 hobgoblins
  13 jackals
  8 kobolds
  3 quokkas
  A frilled lizard (D:1)
  3 rats
159 creatures vanquished.

Vanquished Creatures (collateral kills)
  Gastronok (D:11)
  A catoblepas (Lair:1)
  A two-headed ogre (D:9)
  Nergalle (D:11)
  2 cane toads (Lair:1)
  A komodo dragon (D:11)
  A red devil (D:9)
  A troll (D:11)
  A vampire (D:5)
  2 yaks
  A shadow (D:11)
  2 water moccasins
  2 orc warriors (D:10)
  An ogre (D:3)
  8 wolves
  4 centaurs
  A bullfrog (D:7)
  A scorpion (D:5)
  2 killer bees (D:11)
  A howler monkey (D:9)
  An electric eel (D:11)
  A jelly (D:6)
  2 orc priests
  3 hounds
  Crazy Yiuf (D:5)
  2 gnoll boudas
  2 iguanas
  3 orc wizards
  5 adders
  13 gnolls
  2 worms (Sewer)
  A dart slug (D:4)
  31 orcs
  4 ball pythons
  An endoplasm (Sewer)
  2 giant cockroaches
  2 goblins (D:3)
  5 hobgoblins
  3 jackals (D:3)
  4 kobolds
  4 quokkas
  A bat (D:3)
  A frilled lizard (D:2)
  A rat (D:1)
130 creatures vanquished.

Vanquished Creatures (others)
  A manticore (D:11)
  3 yaks
  3 wolves (Lair:1)
  A centaur (Lair:1)
  A killer bee (D:11)
  A howler monkey (D:11)
10 creatures vanquished.

Grand Total: 299 creatures vanquished

Notes
Turn   | Place    | Note
-------+----------+-------------------------------------------
     0 | D:1      | javelincjr the Octopode Summoner began the quest for the
                  | Orb.
     0 | D:1      | Reached XP level 1. HP: 11/11 MP: 3/3
   168 | D:1      | Reached XP level 2. HP: 17/17 MP: 5/5
   183 | D:1      | Learned a level 2 spell: Call Imp
   431 | D:1      | Reached XP level 3. HP: 15/21 MP: 3/6
  1588 | D:2      | Reached XP level 4. HP: 27/27 MP: 5/8
  1888 | D:3      | Found a stormy altar of Qazlal.
  1947 | D:3      | Identified the +6 plate armour "Wexem" {rCorr Dex+3}
  2305 | D:3      | Noticed Robin
  2306 | D:3      | Noticed Ijyb
  2349 | D:3      | HP: 1/27 [Ijyb/+0 club (7)]
  2393 | D:3      | Killed Ijyb
  2394 | D:3      | Reached XP level 5. HP: 32/32 MP: 2/9
  2439 | D:3      | Killed Robin
  2690 | D:3      | Reached skill level 1 in Fighting
  2694 | D:3      | Reached XP level 6. HP: 36/38 MP: 11/11
  2705 | D:3      | Learned a level 3 spell: Call Canine Familiar
  3022 | D:3      | Reached XP level 7. HP: 34/44 MP: 7/13
  3023 | D:3      | Reached skill level 5 in Stealth
  3029 | D:3      | Reached skill level 5 in Summonings
  3530 | D:4      | You fall into a shaft and drop 2 floors!
  3660 | D:6      | Found a staircase to the Ecumenical Temple.
  3675 | Temple   | Entered the Ecumenical Temple
  3748 | D:6      | Found a hide-covered altar of Uskayaw.
  3869 | D:6      | Reached skill level 5 in Spellcasting
  3869 | D:6      | Reached XP level 8. HP: 27/51 MP: 15/15
  3997 | D:6      | Found a glowing drain.
  4012 | Sewer    | Entered a sewer
  4568 | D:5      | Entered Level 5 of the Dungeon
  5450 | D:5      | Found Rodwanku's Antique Armour Shop.
  5453 | D:5      | Bought a buckler for 121 gold pieces
  5474 | D:5      | Noticed a vampire
  5682 | D:4      | Found a shimmering blue altar of Sif Muna.
  5691 | D:4      | Became a worshipper of Sif Muna the Loreminder
  6653 | D:5      | Killed a vampire
  6654 | D:5      | Reached skill level 1 in Shields
  6654 | D:5      | Reached XP level 9. HP: 22/58 MP: 5/18
  6840 | D:5      | Found a runed translucent door.
  6841 | D:5      | Noticed Crazy Yiuf
  6851 | D:5      | Killed Crazy Yiuf
  7072 | D:6      | Reached skill level 1 in Invocations
  7339 | D:6      | Found a glowing golden altar of the Shining One.
  7522 | D:7      | Found a runed translucent door.
  7522 | D:7      | Noticed lotum's ghost (novice KoHu)
  7551 | D:7      | Reached skill level 5 in Dodging
  7722 | D:7      | Found an ornate altar of the Wu Jian Council.
  7790 | D:7      | Reached * piety under Sif Muna
  8767 | D:8      | Identified the +2 robe of Cocytus {Will+ rCorr MP+9 Str+2}
  8887 | D:8      | Found a radiant altar of Vehumet.
  9032 | D:8      | Found an ancient bone altar of Kikubaaqudgha.
  9192 | D:9      | Noticed a two-headed ogre
  9204 | D:9      | Killed a two-headed ogre
  9205 | D:9      | Reached XP level 10. HP: 65/65 MP: 13/20
  9307 | D:9      | Found a broken altar of Ashenzari.
  9418 | D:9      | Noticed a two-headed ogre
  9444 | D:9      | HP: 3/65 [acid dragon/splash of acid (20)]
  9542 | D:9      | Reached skill level 5 in Fighting
 10085 | D:9      | HP: 2/66 [acid dragon (6)]
 10192 | D:9      | Learned a level 4 spell: Summon Lightning Spire
 10196 | D:9      | Learned a level 3 spell: Summon Guardian Golem
 10312 | D:10     | Entered Level 10 of the Dungeon
 10315 | D:10     | Noticed an unseen horror
 10439 | D:10     | Noticed a nameless horror
 10480 | D:10     | Killed a nameless horror
 10633 | D:10     | Reached ** piety under Sif Muna
 10713 | D:10     | Killed an unseen horror
 10768 | D:10     | Found a staircase to the Orcish Mines.
 10919 | D:10     | Noticed a nameless horror
 10946 | D:10     | Killed a nameless horror
 11087 | D:10     | Learned a level 3 spell: Swiftness
 11473 | D:11     | Noticed a manticore
 11493 | D:11     | Killed a manticore
 11494 | D:11     | Reached XP level 11. HP: 72/72 MP: 9/22
 11497 | D:11     | Reached skill level 1 in Air Magic
 11500 | D:11     | Noticed Gastronok
 11871 | D:11     | Identified a scroll of acquirement
 11871 | D:11     | Acquired the ring "Koorhewn" {Fly Will+ Slay+2}
 11912 | D:11     | Found a bloodstained altar of Trog.
 11966 | D:11     | Killed Gastronok
 12008 | D:11     | Noticed Nergalle
 12018 | D:11     | Killed Nergalle
 12027 | D:11     | Found a staircase to the Lair.
 12049 | D:11     | Reached *** piety under Sif Muna
 12183 | D:11     | Noticed an obsidian statue
 12185 | D:11     | Noticed a soul eater
 12185 | D:11     | Noticed a sixfirhy
 12491 | D:11     | Upgraded the game from 0.31-a0-981-geadf994542 to
                  | 0.31-a0-983-g7b6862f502
 12517 | Lair:1   | Entered Level 1 of the Lair of Beasts
 12601 | Lair:1   | Noticed a catoblepas
 12638 | Lair:1   | Killed a catoblepas
 12648 | Lair:1   | Reached skill level 5 in Invocations
 13033 | Lair:1   | Identified the +4 hand axe "Azobb" {flame, rN+}
 13106 | Lair:1   | Found a glowing silver altar of Zin.
 13325 | Lair:1   | Reached skill level 5 in Shields
 13505 | Lair:1   | Found a transporter.
 13511 | Lair:1   | Noticed Danienth's ghost (journeyman TeAE)
 13522 | Lair:1   | Reached XP level 12. HP: 71/79 MP: 18/24
 13557 | Lair:1   | Noticed a death yak
 13588 | Lair:1   | Found a transporter.
 13611 | Lair:1   | Slain by a komodo dragon

Illustrated notes

Levels and vault maps discovered:
D:1:      ldierk_walled_garden, layout_loops_ring, nicolae_figureground_pulse
D:2:      layout_loops_cross
D:3:      lemuel_castle_with_subvaults [lemuel_castle_interior_carwin_2],
          layout_basic, nicolae_qazlal_general_emergency, nicolae_goblin_pals
D:4:      layout_loops_ring, mainiacjoe_overflow_boulevard
D:5:      layout_basic, serial_shops, nicolae_shop_behind_doors,
          uniq_crazy_yiuf_cottage
D:6:      layout_loops_corners, nicolae_uskayaw_dance_hall,
          nicolae_tso_swordbearing_angel, minmay_temple_entry_proselytizer,
          portal_sewer_entry_f, hangedman_abyss_or_decor_stagger,
          kennysheep_generic_room_6
D:7:      layout_basic, nicolae_wu_jian_immortal_techniques, enter_bailey_8,
          hellmonk_ghost_happy_afterlife
D:8:      layout_basic, fiery_altar_vehumet, mainiacjoe_overflow_catwalk
D:9:      layout_cave_pools, amcnicky_altar_gilded,
          einodemon_armed_red_devil_minivault
D:10:     layout_long_grid, david_orc_2
D:11:     cheibrodos_breeding_chamber, layout_cross, erik_lair_island,
          portal_ice_cave_demonic_guard, grunt_ministairs_12, minivault_16,
          minmay_strange_pillars, trog_three_pillars_becter, uniq_harold,
          uniq_gastronok, uniq_nergalle
Temple:   compressed_dpeg_circular_temple
Lair:1:   layout_chaotic_city, gammafunk_ghost_berserking_beasts, minivault_11,
          lemuel_centaur_altar

Skill      XL: |  1  2  3  4  5  6  7  8  9 10 11 |
---------------+----------------------------------+-----
Stealth        | 3 4 5 6 7 8 9 |  9.9
Spellcasting   | 3 4 5 6 7 8 |  8.9
Dodging        | 3 4 5 6 7 |  7.0
Fighting       | 1 2 3 4 5 6 |  6.3
Summonings     | 5 6 7 8 9 |  9.9
Shields        | 1 2 4 5 |  5.0
Invocations    | 2 4 5 |  5.3
Air Magic      | 2 |  2.8

Action                     |  1- 3 |  4- 6 |  7- 9 | 10-12 || total
---------------------------+-------+-------+-------+-------++-------
  Melee: Unarmed           |    67 |    41 |       |       ||   108
         Constrict         |    24 |    24 |    58 |    31 ||   137
         Tentacles         |    19 |    20 |    66 |    40 ||   145
         Punch             |     2 |       |     4 |     4 ||    10
         Dagger            |       |    39 |   192 |   153 ||   384
   Cast: Summon Small Mamm |     5 |    13 |       |     8 ||    26
         Call Imp          |    16 |    19 |    65 |    58 ||   158
         Call Canine Famil |       |     7 |    60 |    52 ||   119
         Summon Guardian G |       |       |       |    15 ||    15
         Summon Lightning  |       |       |       |    23 ||    23
         Swiftness         |       |       |       |     3 ||     3
  Evoke: Wand              |       |       |       |     3 ||     3
    Use: Potion            |       |     3 |       |    12 ||    15
         Scroll            |       |       |    19 |     5 ||    24
   Stab: Sleeping          |     5 |     4 |     7 |     1 ||    17
         Distracted        |       |     1 |     4 |     3 ||     8
 Armour: Skin              |    30 |    53 |    82 |   134 ||   299
  Dodge: Dodged            |    44 |    75 |   128 |   146 ||   393
  Block: Buckler           |       |       |    14 |    77 ||    91

Table legend: (Time is in decaauts)
 A = Elapsed time spent in this place.
 B = Non-inter-level travel time spent in this place.
 C = Inter-level travel time spent in this place.
 D = Time resting spent in this place.
 E = Time spent auto-exploring this place.
 F = Levels seen in this place.
 G = Mean time per level.
                   A        B        C        D        E       F      G
               +--------+--------+--------+--------+--------+-----+--------+
         Total |  13600 |  13118 |    482 |    509 |   8885 |  14 |  971.4 |
       Dungeon |  12051 |  11588 |    463 |    316 |   8163 |  11 | 1095.5 |
        Temple |     21 |     21 |      0 |      0 |      0 |   1 |   21.0 |
          Lair |   1095 |   1077 |     18 |    193 |    481 |   1 | 1095.0 |
         Sewer |    431 |    431 |      0 |      0 |    241 |   1 |  431.0 |
               +--------+--------+--------+--------+--------+-----+--------+

Top non-repeatable levels by time:
     D:3: 1641 daAuts
     D:5: 1538 daAuts
    D:10: 1222 daAuts
     D:7: 1159 daAuts
     D:6: 1105 daAuts
  Lair:1: 1095 daAuts
     D:9: 991 daAuts
     D:1: 966 daAuts
    D:11: 962 daAuts
     D:4: 938 daAuts
     D:2: 822 daAuts
     D:8: 702 daAuts
   Sewer: 431 daAuts
  Temple: 21 daAuts
